 Dungeon Crawl Stone Soup version 0.25-a0-59-gf342c8b (console) character file.

Game seed: 11648190452898669765, levelgen mode: deterministic

315704 FoCheiMinh the Severer (level 22, -9/165 HPs)
             Began as a Formicid Fire Elementalist on Oct 19, 2019.
             Was the Champion of Cheibriados.
             Mangled by a deep elf knight
             ... wielding a +0 scimitar
             ... led by an ironheart preserver
              (13 damage)
             ... on level 3 of the Vaults on Oct 29, 2019.
             The game lasted 06:47:34 (67371 turns).

FoCheiMinh the Severer (FoFE)                      Turns: 67371, Time: 06:47:34

Health: -9/165     AC: 26    Str: 29    XL:     22   Next: 33%
Magic:  12/41      EV: 13    Int: 36    God:    Cheibriados [******]
Gold:   4299       SH: 21    Dex: 26    Spells: 30/52 levels left

rFire    + . .     SeeInvis +   a - +4 war axe (freeze)
rCold    . . .     Gourm    .   i - +0 large shield "Myrchusaj" {rElec}
rNeg     . . .     Faith    .   d - +5 chain mail of Agathe {rPois Int-3 Stlth+}
rPois    +         Spirit   .   (helmet unavailable)
rElec    +         Reflect  .   e - +2 cloak
rCorr    .         Harm     .   g - +1 pair of gloves
MR       ++...                  f - +2 pair of boots of Pophus {rC+}
Stlth    +.........             z - amulet of the acrobat
HPRegen  0.37/turn              F - ring of fire
MPRegen  0.27/turn              K - +5 ring of slaying

@: drained, very slow
A: permanent stasis, dig shafts and tunnels, four strong arms, antennae 3
}: 2/15 runes: decaying, serpentine
a: Dig, Shaft Self, Bend Time, Temporal Distortion, Slouch, Step From Time,
Renounce Religion


You were on level 3 of the Vaults.
You worshipped Cheibriados.
Cheibriados was exalted by your worship.
You were not hungry.

You visited 8 branches of the dungeon, and saw 38 of its levels.
You also visited: Bailey and Ice Cave.

You collected 4668 gold pieces.
You spent 369 gold pieces at shops.

Inventory:

Hand Weapons
 a - a +4 war axe of freezing (weapon)
 c - a +1 war axe of flaming
 l - the +8 flail of Defence {holy, +Fly rElec rF+++ Dex-2}
   (You found it on level 3 of the Elven Halls)

   It has been blessed by the Shining One to cause great damage to the undead
   and demons.
   It affects your dexterity (-2).
   It renders you almost immune to fire.
   It insulates you from electricity.
   It lets you fly.
 V - the +10 glaive of Scorn {vamp, +Rage}
   (You took it off an orc in a bailey)

   It inflicts no extra harm, but heals its wielder when it wounds a living foe.
   It lets you go berserk.
Missiles
 x - 29 boomerangs (quivered)
 y - 108 poisoned darts
 W - 4 throwing nets
Armour
 d - the +5 chain mail of Agathe (worn) {rPois Int-3 Stlth+}
   (You found it on level 4 of the Swamp)

   It affects your intelligence (-3).
   It protects you from poison.
   It makes you more stealthy.
 e - a +2 cloak (worn)
 f - the +2 pair of boots of Pophus (worn) {rC+}
   (You bought it in a shop on level 4 of the Dungeon)

   It protects you from cold.
 g - a +1 pair of gloves (worn)
 i - the +0 large shield "Myrchusaj" (worn) {rElec}
   (You acquired it in a bailey)

   It insulates you from electricity.
 H - +0 ice dragon scales
Magical Staves
 b - an uncursed staff of power
Jewellery
 z - an amulet of the acrobat (around neck)
 C - an uncursed ring of protection from cold
 F - a ring of fire (left hand)
 I - the ring "Sagar" {rN+ Str+3 Int+5}
   (You took it off a deep elf knight on level 3 of the Elven Halls)

   [ring of intelligence]

   It affects your strength (+3).
   It affects your intelligence (+5).
   It protects you from negative energy.
 K - a +5 ring of slaying (right hand)
 M - an uncursed ring of protection from magic
 N - an uncursed ring of flight
 P - an uncursed ring of poison resistance
 U - a +2 ring of evasion
Wands
 h - a wand of digging (8)
 q - a wand of flame (54)
 w - a wand of acid (24)
 J - a wand of iceblast (26)
 T - a wand of polymorph (11)
Scrolls
 j - a scroll of holy word
 o - 2 scrolls of fear
 r - 15 scrolls of identify
 t - 6 scrolls of fog
 O - a scroll of amnesia
 Q - a scroll of torment {unknown}
 R - 2 scrolls of magic mapping
 S - 9 scrolls of remove curse
 Z - a scroll of enchant armour
Potions
 k - 4 potions of might
 m - 4 potions of flight
 n - 2 potions of magic
 s - 6 potions of agility
 u - 4 potions of invisibility
 v - 11 potions of curing
 A - 4 potions of brilliance
 D - a potion of ambrosia
 E - 2 potions of resistance
 G - 7 potions of heal wounds
 X - 7 potions of cancellation
Miscellaneous
 p - a box of beasts
 B - a lightning rod (4/4)
Comestibles
 L - 61 rations
 Y - 19 chunks of flesh


   Skills:
 + Level 11.8(10.8) Fighting
 * Level 15.8(14.8) Axes
 - Level 3.3(2.5) Throwing
 + Level 12.2(11.3) Armour
 - Level 6.7(5.9) Dodging
 - Level 2.4(1.6) Stealth
 * Level 13.3(12.3) Shields
 + Level 15.5(14.5) Spellcasting
 + Level 14.0(13.0) Conjurations
 + Level 15.2(14.1) Fire Magic
 - Level 6.0(5.2) Earth Magic
 + Level 9.4(8.5) Invocations


You had 30 spell levels left.
You knew the following spells:

 Your Spells              Type           Power        Failure   Level  Hunger
a - Flame Tongue          Conj/Fire      #####        1%          1    None
b - Fireball              Conj/Fire      ########..   1%          5    None
f - Conjure Flame         Conj/Fire      ########     1%          3    None
m - Iskenderun's Mystic   Conj           #######.     1%          4    None
s - Sticky Flame          Conj/Fire      ########     1%          4    None
M - Bolt of Magma         Conj/Fire/Erth ########..   3%          5    None

Your spell library contained the following spells:

 Spells                   Type           Power        Failure   Level  Hunger
 Magic Dart               Conj           ####         1%          1    None
 Sandblast                Erth           ######       1%          1    None
 Searing Ray              Conj           ######       1%          2    None
 Throw Flame              Conj/Fire      ######       1%          2    None
 Dazzling Spray           Conj/Hex       ######       1%          3    None
 Inner Flame              Hex/Fire       #######.     1%          3    None
 Static Discharge         Conj/Air       ######..     1%          3    None
 Stone Arrow              Conj/Erth      ######       1%          3    None
 Mephitic Cloud           Conj/Pois/Air  ######..     4%          3    None
 Passwall                 Tmut/Erth      #####...     5%          2    None
 Force Lance              Conj/Tloc      ######..     7%          4    None
 Fulminant Prism          Conj/Hex       ######....   7%          4    None
 Beastly Appendage        Tmut           ####..       10%         1    None
 Corona                   Hex            ####...      10%         1    None
 Call Imp                 Summ           ####....     16%         2    None
 Ensorcelled Hibernation  Hex/Ice        ####..       16%         2    None
 Shroud of Golubria       Chrm/Tloc      ####..       16%         2    None
 Slow                     Hex            ####....     16%         2    None
 Sticks to Snakes         Tmut           ####....     16%         2    None
 Bolt of Draining         Conj/Necr      ######....   19%         5    None
 Lightning Bolt           Conj/Air       ######....   19%         5    None
 Gell's Gravitas          Tloc           ####......   30%         3    None
 Lesser Beckoning         Tloc           ####......   30%         3    None
 Portal Projectile        Hex/Tloc       ####..       30%         3    None
 Spectral Weapon          Hex/Chrm       ####....     30%         3    None
 Spider Form              Tmut/Pois      ####......   30%         3    None
 Teleport Other           Tloc           ####....     30%         3    None
 Lee's Rapid Deconstruct  Erth           ######....   32%         5    None
 Leda's Liquefaction      Hex/Erth       #####.....   34%         4    None
 Petrify                  Tmut/Erth      #####...     34%         4    None
 Borgnjor's Vile Clutch   Necr/Erth      #####.....   67%         5    None
 Animate Dead             Necr           N/A          69%         4    None
 Cause Fear               Hex            ####......   69%         4    None
 Ice Form                 Ice/Tmut       ####....     69%         4    None
 Passage of Golubria      Tloc           N/A          69%         4    None
 Bolt of Cold             Conj/Ice       ######....   71%         6    ##.....
 Ignition                 Fire           ########..   89%         8    ######.
 Agony                    Necr           ####....     95%         5    None
 Blade Hands              Tmut           ####......   95%         5    None
 Metabolic Englaciation   Hex/Ice        ####......   95%         5    None
 Silence                  Hex/Air        ####......   95%         5    None
 Yara's Violent Unravell  Hex/Tmut       ####......   95%         5    None
 Freezing Cloud           Conj/Ice/Air   ######....   95%         6    ##.....
 Deflect Missiles         Chrm/Air       ####......   100%        6    ##.....
 Ozocubu's Refrigeration  Ice            ####......   100%        6    ##.....
 Simulacrum               Ice/Necr       ####......   100%        6    ##.....
 Discord                  Hex            ####......   100%        8    ######.
 Shatter                  Erth           ######....   100%        9    #######
 Tornado                  Air            ####......   100%        9    #######
 Blink                    Tloc           Unusable     N/A         2    N/A

Dungeon Overview and Level Annotations

Branches:
Dungeon (15/15)            Temple (1/1) D:4            Lair (6/6) D:11
  Swamp (4/4) Lair:3        Snake (4/4) Lair:2        Slime (0/5) Lair:5
    Orc (2/2) D:10            Elf (3/3) Orc:2        Vaults (3/5) D:13
  Crypt (0/3) Vaults:2     Depths (0/5) D:15         Bailey (visited)
  IceCv (visited)

Altars:
Ashenzari
Cheibriados
Dithmenos
Elyvilon
Fedhas
Gozag
Hepliaklqana
Kikubaaqudgha
Makhleb
Nemelex Xobeh
Okawaru
Qazlal
Ru
Sif Muna
Trog
Uskayaw
Vehumet
Wu Jian
Xom
Yredelemnul
Zin
The Shining One
Beogh
Jiyva

Shops:
D:4 [   D:6 ((:[   D:7 (   D:10 %   D:15 *   Orc:1 :   Orc:2 %=*?   Snake:4 ?

Annotations:
D:4 2 transporters, nago's ghost, amateur HuAM
D:7 3 runed translucent doors, silenth's ghost, novice DgWz
Snake:4 Roxanne
Elf:2 3 runed translucent doors


Innate Abilities, Weirdness & Mutations

You cannot be hasted, slowed, berserked, paralysed or teleported.
You can dig through walls and to a lower floor.
Your four strong arms can wield two-handed weapons with a shield.
You have a pair of large antennae on your head. (SInv)


Message History

The ironheart preserver is severely wounded.
The ironheart preserver is covered in liquid flames!
The ironheart preserver burns!
The deep elf death mage burns!
The deep elf death mage points at you and mumbles some strange words.
The bolt of negative energy hits you!!!
You feel drained.
* * * LOW HITPOINT WARNING * * *
The ironheart preserver casts a spell.
The ironheart preserver is healed somewhat.
Unknown command.
You fail to use your ability.
The ironheart preserver burns!
The deep elf death mage burns!
You block the deep elf death mage's attack.
You block the ironheart preserver's attack.
The deep elf knight barely misses you.
You fail to use your ability.
The ironheart preserver burns!
The deep elf death mage burns!
The deep elf death mage hits you but does no damage.
You block the ironheart preserver's attack.
The deep elf knight hits you with a +0 scimitar!
You die...

#################################
.................................
.................................
.........e.................######
...).e.........pe..........#.....
........).)...Ce@..........#.....
....)....)##########.......#.....
.......)).# {{....{#)......'.....
....)..)))# {#{{##.#).)....#.....
..........# .##O#.......#.....
...)......# #{. #.......######
..........# { ...#.............
....####### {{.#.#.............
.... O....#.....(.......


You could see an ironheart preserver (burning), a fire giant, a deep elf death
mage (burning), a deep elf archer and a deep elf knight (invisible).

Vanquished Creatures
  Saint Roka (Snake:4)
  A deep elf blademaster (Elf:3)
  2 deep elf master archers (Elf:3)
  2 thorn hunters
  Kirke (D:13)
  11 nagarajas
  10 deep elf sorcerers
  5 vault wardens
  An orc warlord (Orc:2)
  A frost giant (IceCv)
  Louise (Elf:2)
  A ghoul (Swamp:1)
  8 ironheart preservers
  A very ugly thing (Vaults:1)
  3 stone giants
  Nessos (D:14)
  3 deep elf demonologists
  7 deep elf annihilators
  Azrael (D:14)
  A crystal guardian (Vaults:2)
  4 deep elf death magi
  An ettin (D:15)
  Erolcha (Orc:1)
  2 fire dragons
  Harold (D:11)
  5 yaktaur captains
  2 rakshasas
  9 naga warriors
  An ice dragon (Vaults:1)
  A shambling mangrove (Swamp:4)
  Erica (D:10)
  3 vault guards (Vaults:3)
  2 ghost crabs
  30 hydras
  A death knight (Vaults:2)
  4 centaur warriors
  4 anacondas
  8 two-headed ogres
  9 dancing weapons
  3 tengu warriors (D:15)
  15 alligators
  18 death yaks
  5 ogre magi
  7 orc high priests
  3 shock serpents
  5 naga sharpshooters (Snake:4)
  A spriggan berserker (Swamp:4)
  3 spriggans (Swamp:4)
  19 deep elf knights
  5 salamander mystics
  A storm dragon zombie (Vaults:2)
  A shadow wraith (Vaults:3)
  9 sea snakes
  7 skeletal warriors
  A storm dragon skeleton (Vaults:2)
  7 unseen horrors
  9 deep elf archers
  2 flayed ghosts
  3 naga ritualists
  4 deep trolls
  3 wizards
  10 swamp dragons
  A spriggan druid (Swamp:4)
  A lindwurm (Lair:6)
  12 orc knights
  An ironbrand convoker (Vaults:3)
  A necromancer (Vaults:2)
  A wolf spider zombie (D:14)
  A wolf spider (Vaults:2)
  A mana viper (shapeshifter) (Vaults:2)
  10 ugly things
  9 mana vipers
  2 orc sorcerers (Orc:2)
  3 cyclopes
  75 deep elf magi
  A manticore (D:14)
  10 salamanders
  11 elephants
  5 guardian serpents (Snake:4)
  24 black mambas
  13 naga magi
  6 vault sentinels
  2 molten gargoyles (Lair:6)
  An ice statue (IceCv)
  A centaur zombie (D:13)
  A storm dragon simulacrum (Vaults:1)
  Psyche (D:9)
  A spiny frog (shapeshifter) (Elf:2)
  13 spiny frogs
  5 freezing wraiths (Vaults:2)
  3 rime drakes
  A kobold demonologist (Bailey)
  21 yaktaurs
  14 komodo dragons
  A queen bee (D:8)
  6 trolls
  A tengu conjurer (D:15)
  13 tyrant leeches
  12 polar bears
  8 hornets (Swamp:4)
  A hornet (shapeshifter) (Vaults:1)
  27 slime creatures
  17 blink frogs
  A meliai zombie (D:12)
  18 bog bodies
  11 hippogriffs
  An ettin skeleton (Vaults:2)
  A raiju (shapeshifter) (Vaults:1)
  2 air elementals
  A shadow (D:13)
  A centaur simulacrum (D:15)
  A hog (shapeshifter) (D:14)
  5 wyverns
  3 water elementals (Elf:1)
  A vampire (D:12)
  3 wraiths
  9 fire elementals
  3 fire bats (Lair:5)
  3 hungry ghosts
  6 basilisks
  59 yaks
  A steam dragon (Lair:6)
  4 hogs (D:13)
  41 nagas
  13 vampire mosquitoes
  6 insubstantial wisps
  9 wargs
  14 swamp worms
  22 water moccasins
  7 hell hounds
  9 porcupines
  43 orc warriors
  5 sky beasts
  3 ice beasts
  An eye of draining (shapeshifter) (Elf:3)
  5 necrophages
  3 phantoms
  17 swamp drakes
  13 ogres
  24 wolves
  6 boggarts
  13 centaurs
  13 crocodiles
  A big kobold (D:12)
  18 bullfrogs
  2 gnoll sergeants
  6 earth elementals
  7 scorpions
  A wyvern skeleton (D:7)
  18 wights
  23 killer bees
  6 howler monkeys
  7 electric eels
  17 crimson imps
  2 bullfrog zombies
  6 lava snakes
  2 human simulacra (Vaults:2)
  3 jellies
  4 hounds
  29 orc wizards
  Crazy Yiuf (D:4)
  36 orc priests
  7 centaur skeletons
  A bullfrog skeleton (D:6)
  2 iguanas
  16 worker ants
  A hound skeleton (D:6)
  24 adders
  16 gnolls
  5 shadow imps
  A white imp (D:10)
  An ooze (D:2)
  2 adder zombies
  An adder skeleton (D:7)
  7 worms
  3 dart slugs
  6 leopard geckos
  85 orcs
  6 ball pythons
  2 giant cockroaches
  19 goblins
  18 hobgoblins
  17 jackals
  6 quokkas
  3 bats
  5 frilled lizards
  A jackal zombie (D:5)
  12 kobolds
  A leopard gecko zombie (D:5)
  2 quokka skeletons (D:4)
  A quokka zombie (D:9)
  14 rats
  A fungus (D:4)
1506 creatures vanquished.

Vanquished Creatures (others)
  A cyclops (D:14)
  7 polar bears (IceCv)
  2 humans (D:13)
  A yak (IceCv)
  An orc (Orc:1)
  A giant cockroach (D:3)
  2 jackals (D:3)
  2 kobolds (D:3)
  A bush (D:8)
  15 fungi
  3 plants (Lair:6)
36 creatures vanquished.

Grand Total: 1542 creatures vanquished

Notes
Turn   | Place    | Note
-------+----------+-------------------------------------------
     0 | D:1      | FoCheiMinh the Formicid Fire Elementalist began the quest
                  | for the Orb.
     0 | D:1      | Reached XP level 1. HP: 13/13 MP: 3/3
   197 | D:1      | Reached skill level 1 in Conjurations
   336 | D:1      | Reached XP level 2. HP: 19/19 MP: 1/5
   605 | D:1      | Reached XP level 3. HP: 22/24 MP: 1/6
   935 | D:1      | Learned a level 3 spell: Conjure Flame
  1340 | D:2      | Reached XP level 4. HP: 28/30 MP: 3/8
  1808 | D:2      | Found a shimmering altar of Xom.
  1896 | D:2      | Reached XP level 5. HP: 35/35 MP: 4/9
  2521 | D:3      | Found a white marble altar of Elyvilon.
  3178 | D:3      | Learned a level 4 spell: Sticky Flame
  3250 | D:3      | Found a bloodstained altar of Trog.
  3399 | D:3      | Found a hide-covered altar of Uskayaw.
  3402 | D:3      | Found an ornate altar of the Wu Jian Council.
  3407 | D:3      | Found a glowing golden altar of the Shining One.
  3412 | D:3      | Found a shimmering blue altar of Sif Muna.
  3516 | D:4      | Found a staircase to the Ecumenical Temple.
  3517 | D:4      | Reached XP level 6. HP: 41/41 MP: 9/11
  4007 | Temple   | Entered the Ecumenical Temple
  4373 | D:4      | Reached skill level 1 in Fighting
  4448 | D:4      | Found an opulent altar of Gozag.
  4449 | D:4      | Found a glowing silver altar of Zin.
  4456 | D:4      | Reached skill level 1 in Throwing
  4576 | D:4      | Found Xichimnutur's Armour Emporium.
  4582 | D:4      | Reached XP level 7. HP: 32/48 MP: 6/12
  4822 | D:4      | Found a transporter.
  5062 | D:4      | Found a transporter.
  5062 | D:4      | Noticed nago's ghost (amateur HuAM)
  5280 | D:4      | Found a runed translucent door.
  5282 | D:4      | Noticed Crazy Yiuf
  5293 | D:4      | Killed Crazy Yiuf
  5451 | D:5      | Entered Level 5 of the Dungeon
  5934 | D:5      | Found a stormy altar of Qazlal.
  5934 | D:5      | Found a sacrificial altar of Ru.
  6392 | D:6      | Reached skill level 5 in Fire Magic
  6442 | D:6      | Found Juarut's Antique Weapon Shop.
  6509 | D:6      | Reached XP level 8. HP: 48/56 MP: 6/14
  6628 | D:6      | HP: 2/56 [centaur/arrow (11)]
  7190 | D:6      | Found Zuempare's Antique Weapon Shoppe.
  7367 | D:6      | Found Ohaurgh's Armour Shop.
  7446 | D:6      | Reached skill level 5 in Conjurations
  7551 | D:6      | Found Guheycagg's Book Shop.
  7831 | D:7      | Reached skill level 1 in Armour
  7831 | D:7      | Reached skill level 5 in Spellcasting
  7996 | D:7      | Reached XP level 9. HP: 34/63 MP: 7/16
  8352 | D:7      | Learned a level 5 spell: Fireball
  8594 | D:7      | Found Voitisep's Antique Weapon Boutique.
  8611 | D:7      | Found a runed translucent gate.
  8612 | D:7      | Found a runed translucent gate.
  8612 | D:7      | Found a runed translucent gate.
  8617 | D:7      | Noticed silenth's ghost (novice DgWz)
  8785 | D:7      | Reached skill level 1 in Axes
  9221 | D:8      | Found a hazy altar of Hepliaklqana.
  9439 | D:8      | Noticed a queen bee
  9463 | D:8      | You fall into a shaft and drop 2 floors!
  9463 | D:10     | Entered Level 10 of the Dungeon
  9687 | D:10     | Found a staircase to the Orcish Mines.
  9689 | D:10     | Noticed Erica
  9707 | D:10     | Killed Erica
  9707 | D:10     | Reached XP level 10. HP: 20/71 MP: 5/19
 10149 | D:10     | Noticed Psyche
 10216 | D:10     | Noticed an unseen horror
 10696 | D:10     | Found Tullink Xerr's Food Shoppe.
 11054 | D:10     | Learned a level 4 spell: Iskenderun's Mystic Blast
 11725 | D:9      | Reached XP level 11. HP: 78/78 MP: 9/22
 12319 | D:8      | Reached skill level 5 in Fighting
 14032 | D:9      | Found a snail-covered altar of Cheibriados.
 14036 | D:9      | Became a worshipper of Cheibriados the Contemplative
 14694 | D:9      | Killed Psyche
 15018 | D:10     | Killed an unseen horror
 15018 | D:10     | Reached * piety under Cheibriados
 15228 | D:11     | Noticed Harold
 15238 | D:11     | Killed Harold
 15238 | D:11     | Reached skill level 5 in Axes
 15238 | D:11     | Reached skill level 5 in Armour
 15454 | D:11     | Noticed a two-headed ogre
 15461 | D:11     | Killed a two-headed ogre
 15603 | D:11     | Reached XP level 12. HP: 76/87 MP: 10/24
 15882 | D:4      | Bought the +2 pair of boots of Pophus {rC+} for 285 gold
                  | pieces
 16477 | D:11     | Reached ** piety under Cheibriados
 16477 | D:11     | Reached skill level 5 in Dodging
 16488 | D:11     | Reached skill level 1 in Invocations
 16865 | D:11     | Found a staircase to the Lair.
 17127 | Lair:1   | Entered Level 1 of the Lair of Beasts
 17139 | D:11     | Reached skill level 1 in Shields
 17352 | Lair:1   | Found a frozen archway.
 17388 | IceCv    | Entered an ice cave
 17748 | IceCv    | Reached *** piety under Cheibriados
 18168 | IceCv    | Noticed a death yak
 18184 | IceCv    | Noticed a death yak
 18186 | IceCv    | Killed a death yak
 18191 | IceCv    | Killed a death yak
 18500 | IceCv    | Reached XP level 13. HP: 76/95 MP: 9/26
 18707 | IceCv    | Got a faintly glowing arbalest
 19159 | IceCv    | Noticed a frost giant
 19172 | IceCv    | Reached **** piety under Cheibriados
 19446 | IceCv    | Killed a frost giant
 19664 | IceCv    | Got a polished shortbow
 20022 | Lair:1   | Reached skill level 10 in Spellcasting
 20823 | Lair:2   | Reached skill level 5 in Invocations
 21017 | Lair:2   | Found a staircase to the Snake Pit.
 21641 | Lair:2   | Noticed a four-headed hydra
 21645 | Lair:2   | Killed a four-headed hydra
 22088 | Lair:3   | Reached ***** piety under Cheibriados
 22334 | Lair:3   | Noticed a seven-headed hydra
 22334 | Lair:3   | Noticed a seven-headed hydra
 22339 | Lair:3   | Killed a seven-headed hydra
 22339 | Lair:3   | Reached skill level 10 in Fire Magic
 22344 | Lair:3   | Killed a seven-headed hydra
 22979 | Lair:3   | Reached XP level 14. HP: 104/104 MP: 20/28
 23636 | Lair:3   | Found a staircase to the Swamp.
 24975 | Lair:5   | Reached ****** piety under Cheibriados
 25462 | Lair:5   | Got a twisted scale mail
 25496 | Lair:5   | Found a viscous altar of Jiyva.
 25496 | Lair:5   | Found a staircase to the Slime Pits.
 26248 | D:11     | Identified the +1 scale mail "Rohuel" {rElec} (You found it
                  | on level 5 of the Lair of Beasts)
 26371 | Lair:6   | Entered Level 6 of the Lair of Beasts
 27401 | Lair:6   | Reached XP level 15. HP: 112/112 MP: 14/30
 27424 | Lair:6   | Reached skill level 10 in Axes
 28201 | Lair:6   | Reached skill level 10 in Conjurations
 29756 | Lair:6   | Found a large runed translucent door.
 29756 | Lair:6   | Found a large runed translucent door.
 32411 | D:13     | Reached XP level 16. HP: 120/120 MP: 28/31
 32834 | D:13     | Noticed Kirke
 32850 | D:13     | Killed Kirke
 33225 | D:13     | Found a gate to the Vaults.
 33364 | D:14     | Found a flagged portal.
 33428 | Bailey   | Entered a bailey
 33706 | Bailey   | Identified the +10 glaive of Scorn {vamp, +Rage}
 33707 | Bailey   | Found an iron altar of Okawaru.
 34034 | Bailey   | Got a heavily runed large shield
 34045 | Bailey   | Identified the +0 large shield "Myrchusaj" {rElec} (You
                  | acquired it in a bailey)
 34249 | D:14     | Noticed Nessos
 34252 | D:14     | Killed Nessos
 34363 | D:14     | Noticed Azrael
 34384 | D:14     | Killed Azrael
 35343 | D:14     | Found a glowing silver altar of Zin.
 35425 | D:14     | Upgraded the game from 0.25-a0-35-g747a2b3 to
                  | 0.25-a0-41-g6cf4ce5
 35457 | D:15     | Entered Level 15 of the Dungeon
 35623 | D:14     | Reached skill level 10 in Fighting
 36036 | Orc:1    | Entered Level 1 of the Orcish Mines
 36164 | Orc:1    | Found a roughly hewn altar of Beogh.
 36538 | Orc:1    | Noticed Erolcha
 36545 | Orc:1    | Killed Erolcha
 36694 | Orc:1    | Found Larghir's Book Emporium.
 36801 | Orc:2    | Entered Level 2 of the Orcish Mines
 37219 | Orc:2    | Identified the +3 chain mail of Jurphaxt {rN+ Str+5 Dex-4
                  | Stlth+}
 37510 | Orc:2    | Found a staircase to the Elven Halls.
 38381 | Orc:2    | Reached XP level 17. HP: 128/128 MP: 24/33
 38710 | Orc:2    | Reached skill level 10 in Armour
 39027 | Orc:2    | Found Issariom's Assorted Antiques.
 39027 | Orc:2    | Found Ebeorios's Magic Scroll Shoppe.
 39030 | Orc:2    | Found Botihoe's Food Emporium.
 39030 | Orc:2    | Found Epytrid's Jewellery Emporium.
 39040 | Orc:2    | Bought a scroll of identify for 28 gold pieces
 39040 | Orc:2    | Bought a scroll of identify for 28 gold pieces
 39040 | Orc:2    | Bought a scroll of identify for 28 gold pieces
 39366 | Snake:1  | Entered Level 1 of the Snake Pit
 40585 | Snake:2  | Reached skill level 5 in Shields
 41108 | Snake:2  | Upgraded the game from 0.25-a0-41-g6cf4ce5 to
                  | 0.25-a0-42-g6c54e25
 41909 | Snake:2  | Got a faintly glowing plate armour
 41910 | Snake:2  | Identified the +6 plate armour of Time Monsters {rElec
                  | Str-3 Int+10} (You found it on level 2 of the Snake Pit)
 42770 | Snake:3  | Identified the cursed +1 scale mail of the Gardener {Int+3}
 43229 | Snake:4  | Entered Level 4 of the Snake Pit
 43570 | Snake:4  | Found Goetin's Magic Scroll Shoppe.
 43709 | Snake:4  | Noticed Saint Roka
 43731 | Snake:4  | Killed Saint Roka
 44134 | Snake:4  | Reached XP level 18. HP: 120/136 MP: 27/35
 46881 | Snake:4  | Got a serpentine rune of Zot
 47021 | Snake:4  | Identified Roxanne's Collected Works on Shape Shifting
 47021 | Snake:4  | Noticed Roxanne
 47771 | D:15     | Found Jocruj's General Store.
 47825 | D:15     | Found a staircase to the Depths.
 48100 | Elf:1    | Entered Level 1 of the Elven Halls
 48658 | Swamp:1  | Entered Level 1 of the Swamp
 49005 | Swamp:1  | Reached XP level 19. HP: 142/142 MP: 24/36
 52717 | Swamp:2  | Upgraded the game from 0.25-a0-42-g6c54e25 to
                  | 0.25-a0-44-g29a1220
 53504 | Swamp:4  | Entered Level 4 of the Swamp
 53651 | Swamp:4  | Got a scorched chain mail
 53671 | Swamp:3  | Identified the +5 chain mail of Agathe {rPois Int-3 Stlth+}
                  | (You found it on level 4 of the Swamp)
 54106 | Swamp:4  | Reached skill level 10 in Shields
 55278 | Swamp:4  | Reached XP level 20. HP: 76/150 MP: 35/38
 55562 | Swamp:4  | Got a decaying rune of Zot
 56126 | D:11     | Identified the +4 shortbow of the Key {venom, Int+4} (You
                  | found it in an ice cave)
 56127 | D:11     | Identified the +6 arbalest of Qomeic {flame, rElec Dex+3}
                  | (You found it in an ice cave)
 57581 | Elf:1    | Identified Dedagul's Papyrus of Attacks
 57837 | Elf:1    | Identified the Tome of Supportive Attacks
 57845 | Elf:1    | Learned a level 5 spell: Bolt of Magma
 58053 | Elf:2    | Noticed Louise
 58412 | Elf:2    | Reached skill level 1 in Earth Magic
 58994 | Elf:2    | Found a runed translucent gate.
 58995 | Elf:2    | Found a runed translucent gate.
 58996 | Elf:2    | Found a runed translucent gate.
 59045 | Elf:2    | Killed Louise
 59280 | Elf:3    | Entered Level 3 of the Elven Halls
 60790 | Elf:3    | Reached XP level 21. HP: 85/156 MP: 36/39
 61548 | Elf:3    | Identified the +11 dagger of Jesuus {pierce, +Inv rElec
                  | Dex+3}
 61548 | Elf:3    | Identified the ring "Sagar" {rN+ Str+3 Int+5}
 62189 | Elf:3    | Found the +0 mask of the Dragon {MR+ Slay+3 SInv}
 62201 | Elf:3    | Identified the Handbook of Malediction
 62203 | Elf:3    | Identified the Catalogue of the Rocks and Darkness
 62216 | Elf:3    | Got a bloodstained flail
 62430 | Elf:3    | Identified the +8 flail of Defence {holy, +Fly rElec rF+++
                  | Dex-2} (You found it on level 3 of the Elven Halls)
 62792 | D:11     | Upgraded the game from 0.25-a0-44-g29a1220 to
                  | 0.25-a0-59-gf342c8b
 62871 | Vaults:1 | Entered Level 1 of the Vaults
 63062 | Vaults:1 | Reached skill level 15 in Axes
 63144 | Vaults:1 | Reached skill level 5 in Earth Magic
 63426 | Vaults:1 | Reached skill level 15 in Spellcasting
 63697 | Vaults:1 | Found a roughly hewn altar of Beogh.
 65603 | Vaults:2 | Found a staircase to the Crypt.
 65603 | Vaults:2 | Found an ancient bone altar of Kikubaaqudgha.
 65604 | Vaults:2 | Found a basalt altar of Yredelemnul.
 65770 | Vaults:2 | Reached skill level 15 in Fire Magic
 66301 | Vaults:2 | Reached XP level 22. HP: 165/165 MP: 30/41
 67369 | Vaults:3 | HP: 3/165 [deep elf death mage/bolt of negative energy[an
                  | ironheart preserver] (50)]
 67371 | Vaults:3 | Mangled by a deep elf knight

Levels and vault maps discovered:
D:1:      dpeg_arrival_pits, layout_loops_ring
D:2:      layout_basic, overflow_temple_1_default, minmay_misc_feat_columns
D:3:      layout_rooms, elyvilon_altar_4, minitemple, trog_book
D:4:      layout_loops_ring, grunt_temple_overflow_gold_and_silver,
          minmay_temple_entry_junction, serial_shops, nicolae_shop_crystal,
          gammafunk_ghost_smash, first_ration, uniq_crazy_yiuf_cottage
D:5:      layout_loops_ring, gammafunk_temple_overflow_elements
D:6:      layout_cave_pools, serial_shops, shop_statue, shop,
          kennysheep_mini_moat, nicolae_shop_window_shopping,
          minmay_misc_feat_enclosed
D:7:      layout_loops_ring, gammafunk_ghost_necromancy, serial_shops, shop
D:8:      layout_basic, lemuel_round_altar, david_nohive_1, minmay_hedge_maze
D:9:      layout_basic, overflow_temple_1_default, dk_vineyard_3
D:10:     layout_loops_ring, minmay_orc_entry_guard_dogs, serial_shops, shop,
          minmay_nine_imps, uniq_psyche, uniq_erica
D:11:     layout_loops_corners, lair_entry_dummy, serial_glass, glass_columns_a,
          glass_columns_c, uniq_harold
D:12:     layout_roguey
D:13:     layout_basic, skrybe_vaults_entry_preservation, uniq_kirke
D:14:     layout_roguey, enter_bailey_2, zin_angel, uniq_nessos, uniq_azrael
D:15:     hangedman_depths_entry_civil_slaughter, layout_rooms, serial_shops,
          shop
Temple:   cyrus_temple_forest
Lair:1:   wander_river, layout_gridlike, portal_ice_cave_entry_pillars_1,
          enter_volcano_2
Lair:2:   layout_long_grid, minmay_snake_entry_six_corridors,
          nicolae_quartered_pool_medium
Lair:3:   layout_hall_layers, palyth_hydra_swamp_entry,
          nicolae_lair_grove_arrangements, guppyfry_lair_drakes
Lair:4:   layout_big_grid
Lair:5:   layout_gridlike, slime_altar_1, grunt_megastairs_5
Lair:6:   cheibrodos_lair_end_hotspot, layout_gridlike
Swamp:1:  layout_falls_marsh, hangedman_swamp_diagram, swamp_pool1,
          hangedman_swamp_ravenous
Swamp:2:  layout_falls_marsh, infiniplex_staircase_pool
Swamp:3:  layout_basic_swamp, evilmike_swamp_ruin_house_2
Swamp:4:  swamp_basic_johnstein, layout_basic_swamp
Snake:1:  layout_chambers, grunt_ministairs_2, drop_trap
Snake:2:  layout_rooms, grunt_ministairs_7
Snake:3:  layout_layer_cave, minmay_snake_pond
Snake:4:  grunt_snake_rune_pools, layout_cave_town, serial_shops, shop,
          uniq_saint_roka, uniq_roxanne
Orc:1:    nicolae_orc_accident_2, layout_caves, serial_shops, shop, uniq_erolcha
Orc:2:    st_orc_mages, layout_caves, elf_legates
Elf:1:    eino_elf_arrival_sip, layout_gridlike, minmay_elf_sorcery,
          corexii_hall_statues_s, grunt_ministairs_2,
          serial_sigils_hangedman_confine, dk_noncrumbling_3, drop_trap,
          minmay_elf_annihilation
Elf:2:    layout_rooms, uniq_louise, uniq_nikola
Elf:3:    minmay_elf_hall_dome, layout_geoelf_grid
Vaults:1: nicolae_vaults_circle_grid_a, vaults_mumra_hexcomb,
          hangedman_vaults_nails, vaults_room_fancy_cross, special_room_vaults
          [special_room_orc], ontoclasm_vaults_eye, nicolae_vaults_angled_halls,
          ontoclasm_vaults_gateway, nicolae_vaults_border_crossing,
          layout_vaults_big_room
Vaults:2: hangedman_vaults_trim, minmay_crypt_entry_necro_gods,
          nicolae_vaults_disjoint_gnomons, nicolae_vaults_puzzle_piece,
          nicolae_vaults_little_squares_2, nicolae_vaults_gold_heap,
          ontoclasm_vaults_ligature, v_alt_pattern_4,
          nicolae_vaults_specimen_jars, nicolae_vaults_rhombus_5,
          layout_vaults_ring
Vaults:3: hangedman_vaults_pinch, nicolae_vaults_alarming,
          dpeg_vaults_monster_row, v_rooms_2, ontoclasm_vaults_ring_small,
          layout_vaults_quadrants

Skill      XL: |  1  2  3  4  5  6  7  8  9 10 11 12 13 14 15 16 17 18 19 20 21 22 |
---------------+-------------------------------------------------------------------+-----
Conjurations   | 1 2 3 4 5 6 7 8 9 10 11 12 13 14 | 14.0
Fire Magic     | 4 5 6 7 8 9 10 11 12 13 14 15 | 15.2
Spellcasting   | 3 4 5 6 7 8 9 10 11 12 13 14 15 | 15.5
Fighting       | 1 2 3 4 5 6 7 8 9 10 11 | 11.8
Throwing       | 1 2 3 |  3.3
Dodging        | 2 3 4 5 6 |  6.7
Armour         | 1 3 4 5 6 7 8 9 10 11 12 | 12.2
Axes           | 2 4 5 7 8 9 10 11 12 13 14 15 | 15.8
Invocations    | 3 5 6 7 9 |  9.4
Shields        | 2 3 4 7 8 10 11 12 13 | 13.3
Earth Magic    | 3 6 |  6.0
Stealth        | |  2.4

Action                   |  1- 3 |  4- 6 |  7- 9 | 10-12 | 13-15 | 16-18 | 19-21 | 22-24 || total
-------------------------+-------+-------+-------+-------+-------+-------+-------+-------++-------
Melee: Club              |     9 |       |       |       |       |       |       |       ||     9
       Hand axe          |     1 |     6 |    27 |    90 |       |       |       |       ||   124
       Quarterstaff      |       |       |    51 |       |       |       |       |       ||    51
       War axe           |       |       |       |   109 |   331 |   343 |   256 |    60 ||  1099
       Whip              |       |       |       |    25 |       |       |       |       ||    25
       Battleaxe         |       |       |       |    53 |    48 |     5 |    44 |       ||   150
       Trident           |       |       |       |       |    64 |       |       |       ||    64
       Glaive            |       |       |       |       |       |    65 |       |       ||    65
       Staff             |       |       |       |       |       |    20 |     1 |       ||    21
Throw: Boomerang         |       |     1 |    39 |    26 |    92 |    56 |    38 |     2 ||   254
 Cast: Flame Tongue      |    62 |   158 |   187 |   179 |   204 |   143 |   101 |     1 ||  1035
       Sticky Flame      |       |     1 |    11 |   103 |   125 |   107 |    96 |     5 ||   448
       Conjure Flame     |       |       |     8 |     7 |     2 |     4 |     2 |       ||    23
       Iskenderun's Myst |       |       |       |    24 |    33 |    35 |    96 |     4 ||   192
       Fireball          |       |       |       |    16 |   109 |   317 |   366 |    42 ||   850
       Bolt of Magma     |       |       |       |       |       |       |    10 |       ||    10
Invok: Step From Time    |       |       |       |       |     1 |     2 |     1 |     1 ||     5
       Temporal Distorti |       |       |       |       |     1 |       |       |       ||     1
       Slouch            |       |       |       |       |       |     4 |     3 |       ||     7
 Abil: Dig               |     2 |     4 |     8 |    27 |    39 |    45 |    22 |       ||   147
       Shaft Self        |       |       |     1 |       |       |       |       |       ||     1
  Use: Potion            |       |     2 |       |       |       |     5 |       |       ||     7
       Scroll            |       |       |       |    18 |     6 |     6 |     3 |     1 ||    34
 Stab: Sleeping          |     1 |     1 |       |       |     1 |       |       |       ||     3
       Paralysed         |       |       |     1 |       |       |       |       |       ||     1
       Distracted        |       |       |       |     1 |     2 |       |       |       ||     3
  Eat: Chunk             |     2 |    11 |    20 |    31 |    29 |    19 |    30 |     2 ||   144
       Ration            |       |       |       |     2 |       |     4 |       |       ||     6
Armor: Robe              |     7 |    14 |    22 |   111 |    13 |       |       |       ||   167
       Skin              |       |     5 |       |       |       |       |       |       ||     5
       Scale mail        |       |       |       |    35 |    92 |       |       |       ||   127
       Leather armour    |       |       |       |       |    69 |    61 |       |       ||   130
       Plate armour      |       |       |       |       |       |   121 |    66 |       ||   187
       Chain mail        |       |       |       |       |       |       |   102 |    25 ||   127
Dodge: Dodged            |    23 |    48 |    85 |   315 |   417 |   256 |   176 |    16 ||  1336
Block: Buckler           |       |       |       |    26 |   144 |    77 |       |       ||   247
       Reflection        |       |       |       |       |       |     7 |       |       ||     7
       Large shield      |       |       |       |       |       |   322 |   433 |    91 ||   846

Table legend:
 A = Non-vault XP
 B = Vault XP
 C = Vault XP percentage of total XP
 D = Non-vault monster count
 E = Vault monster count
 F = Vault count percentage of total count
                 A         B        C        D         E       F
            +---------+---------+-------+---------+---------+-------
      Total |  321555 |  210205 |  39.5 |    1027 |     480 |  31.9
            +---------+---------+-------+---------+---------+-------
        D:1 |      51 |       0 |   0.0 |      30 |       0 |   0.0
        D:2 |     115 |       0 |   0.0 |      29 |       0 |   0.0
        D:3 |     187 |       0 |   0.0 |      34 |       0 |   0.0
        D:4 |     233 |      41 |  15.0 |      17 |       1 |   5.6
        D:5 |     282 |       0 |   0.0 |      16 |       0 |   0.0
        D:6 |     718 |       0 |   0.0 |      24 |       0 |   0.0
        D:7 |    1202 |       0 |   0.0 |      28 |       0 |   0.0
        D:8 |     675 |    1185 |  63.7 |      13 |      15 |  53.6
        D:9 |    1655 |     418 |  20.2 |      32 |       1 |   3.0
       D:10 |    4080 |    1663 |  29.0 |      33 |      12 |  26.7
       D:11 |    4978 |    1039 |  17.3 |      41 |       1 |   2.4
       D:12 |    8730 |       0 |   0.0 |      51 |       0 |   0.0
       D:13 |    7053 |    6721 |  48.8 |      29 |      14 |  32.6
       D:14 |    4951 |    4825 |  49.4 |      15 |      11 |  42.3
       D:15 |    5556 |    4425 |  44.3 |      14 |       5 |  26.3
     Lair:1 |    3960 |       0 |   0.0 |      21 |       0 |   0.0
     Lair:2 |    3541 |    1542 |  30.3 |      17 |      14 |  45.2
     Lair:3 |    4691 |    2519 |  34.9 |      19 |       6 |  24.0
     Lair:4 |    4142 |       0 |   0.0 |      17 |       0 |   0.0
     Lair:5 |   12108 |    1443 |  10.6 |      45 |       5 |  10.0
     Lair:6 |   22878 |    6886 |  23.1 |      43 |      25 |  36.8
    Swamp:1 |   10574 |    4081 |  27.8 |      25 |      13 |  34.2
    Swamp:2 |   15755 |       0 |   0.0 |      33 |       0 |   0.0
    Swamp:3 |    9802 |       0 |   0.0 |      25 |       0 |   0.0
    Swamp:4 |   14534 |   21702 |  59.9 |      34 |      34 |  50.0
    Snake:1 |    5892 |     682 |  10.4 |       7 |       2 |  22.2
    Snake:2 |   19668 |    1019 |   4.9 |      34 |       2 |   5.6
    Snake:3 |   10221 |     623 |   5.7 |      24 |       9 |  27.3
    Snake:4 |    8202 |   44694 |  84.5 |      16 |      67 |  80.7
      Orc:1 |    1376 |    1550 |  53.0 |      18 |       6 |  25.0
      Orc:2 |    4428 |   13307 |  75.0 |      22 |      52 |  70.3
      Elf:1 |   19491 |   17960 |  48.0 |      31 |      28 |  47.5
      Elf:2 |   14615 |    2552 |  14.9 |      28 |       2 |   6.7
      Elf:3 |   20251 |   30868 |  60.4 |      33 |      19 |  36.5
   Vaults:1 |   19594 |   16172 |  45.2 |      45 |      39 |  46.4
   Vaults:2 |   35984 |    3095 |   7.9 |      55 |       8 |  12.7
   Vaults:3 |   19382 |    3191 |  14.1 |      29 |       4 |  12.1
     Bailey |       0 |    3125 | 100.0 |       0 |      44 | 100.0
      IceCv |       0 |   12877 | 100.0 |       0 |      41 | 100.0
            +---------+---------+-------+---------+---------+-------
